 Dungeon Crawl Stone Soup version 0.28.0 (webtiles) character file.

Game seed: 6603629342237154979

121 Maffolandro the Magician (level 5, -10/38 HPs)
             Began as a Djinni Arcane Marksman on Feb 16, 2022.
             Killed by nerve-wracking pain
             ... invoked by Grinder
              (14 damage)
             ... on level 2 of the Dungeon.
             The game lasted 00:25:07 (4710 turns).

Maffolandro the Magician (Djinni Arcane Marksman)   Turns: 4710, Time: 00:25:08

Health: -10/38     AC:  3    Str:  9    XL:     5   Next: 26%
Gold:   104        EV: 12    Int: 15    God:
                   SH:  0    Dex: 15

rFire   + + .      SeeInvis .   b - +2 dagger (venom)
rCold   x . .      Faith    .   (no shield)
rNeg    . . .      Spirit   .   p - +0 leather armour
rPois   ∞          Reflect  .   (no helmet)
rElec   .          Harm     .   (no cloak)
rCorr   +          Rampage  .   (no gloves)
Will    .....                   (boots unavailable)
Stlth   +.........              s - amulet of the acrobat
HPRegen 0.12/turn               g - ring of resist corrosion
MPRegen 0.00/turn               (no ring)

@: flying
A: sickness immunity, fire resistance 2, cold vulnerability 1, float, innate
caster, HP casting, extra vitality 1
a: no special abilities


You were on level 2 of the Dungeon.
You visited 1 branch of the dungeon, and saw 3 of its levels.

You collected 104 gold pieces.

Inventory:

Hand Weapons
 a - a +0 quarterstaff
 b - a +2 dagger of venom (weapon)
 e - a +0 short sword
Missiles
 c - 2 throwing nets (quivered)
 j - 74 stones
 k - 4 javelins
 n - 21 arrows
 t - 2 poisoned darts
Armour
 d - a +0 robe
 l - a +0 buckler
 p - a +0 leather armour (worn)
Jewellery
 g - a ring of resist corrosion (left hand)
 s - an amulet of the acrobat (around neck)
Scrolls
 f - a scroll of vulnerability {unknown}
 h - a scroll of summoning {unknown}
 i - 2 scrolls of blinking {unknown}
 m - a scroll of amnesia {unknown}
 r - a scroll of teleportation {unknown}
Potions
 o - 2 potions of attraction {unknown}
 q - 2 potions of haste {unknown}


   Skills:
 + Level 1.7 Fighting
 * Level 0.1 Short Blades
 - Level 2.0 Throwing
 + Level 2.9 Dodging
 + Level 0.6 Stealth
 + Level 3.5 Spellcasting


You couldn't memorise any spells.
You knew the following spells:

 Your Spells              Type           Power      Damage    Failure   Level
a - Slow                  Hex            52%        N/A       6%          1
b - Inner Flame           Hex/Fire       13%        N/A       19%         3
c - Portal Projectile     Hex/Tloc       26%        N/A       19%         3
d - Cause Fear            Hex            6%         N/A       52%         4
e - Animate Skeleton      Necr           26%        N/A       6%          1
f - Passwall              Tmut/Erth      10%        N/A       10%         2
Your spell library was empty.

Dungeon Overview and Level Annotations

Branches:
Dungeon (3/15)

Altars:

Annotations:
D:2 exclusion: downstairs, Grinder


Innate Abilities, Weirdness & Mutations

You are immune to sickness and miasma.
You are immune to poison.
Your flesh is very heat resistant. (rF++)
You are vulnerable to cold. (rC-)
You float through the air rather than walking.
You learn spells naturally, not from books.
Your magical power is your life essence.
You have superior vitality. (+4 MHP)


Message History

Grinder is lightly wounded.
Grinder struggles against the net.
You hit Grinder but do no damage.
Grinder is lightly wounded.
Grinder says, "FISH!"
Grinder struggles against the net.
You hit Grinder.
Grinder is poisoned.
Grinder is lightly wounded.
Grinder gestures at you. Pain shoots through your body!
Grinder struggles against the net.
You hit Grinder.
Grinder is moderately wounded.
You hit Grinder.
Grinder looks as sick as possible!
Grinder is moderately wounded.
You hit Grinder but do no damage.
Grinder looks as sick as possible!
Grinder is heavily wounded.
Grinder says, "Tell me all your secrets, or I'll kill you."
Grinder struggles against the net.
The net rips apart, and Grinder comes free!
Throw: 3 throwing nets
Press: ? - help, Q - select action, (/) - cycle Shift-Dir - straight line, f/p - Grinder
Aim: Grinder (heavily wounded, extremely poisoned, 55% to hit)
You throw a throwing net. The throwing net hits Grinder.
Grinder is caught in the net!
Grinder is heavily wounded.
Grinder gestures at you. Pain shoots through your body!
* * * LOW HITPOINT WARNING * * *
Grinder struggles against the net.
Unknown command.
You hit Grinder.
Grinder looks as sick as possible!
Grinder is severely wounded.
You hit Grinder but do no damage.
Grinder is severely wounded.
Grinder struggles against the net.
You hit Grinder.
Grinder looks as sick as possible!
Grinder is severely wounded.
Grinder gestures at you. Pain shoots through your body!
You die...

#.#######.#.####.
#.........#.# #.
#.#########.# #.
#######.# #.# #.
#.......##### #.#
#. #.####......#
#.# #. #.#
#...###.#####.#
#. #.#
#.#...........#
#. #[#
#5@÷###.####..#
#. #.# ##### #.#
#..####. #.# #.##
#..#.... #.#
####..###.....##
#.#
###...........<.#
#.#
#...#########...#
#.#
#.#.#.......#...#
#.#
#.#.#.......#...#
#.#
#.#.#..###..#...#


You could see Grinder (caught, extremely poisoned).

Vanquished Creatures
  An iguana (D:3)
  4 adders
  2 worms (D:2)
  A dart slug (D:1)
  5 orcs (D:2)
  4 bats
  4 endoplasms
  A giant cockroach (D:1)
  5 goblins (D:1)
  7 hobgoblins
  2 kobolds (D:1)
  A quokka (D:1)
  7 ball pythons
  2 frilled lizards
  3 rats (D:1)
49 creatures vanquished.

Notes
Turn   | Place    | Note
-------+----------+-------------------------------------------
     0 | D:1      | Maffolandro the Djinni Arcane Marksman began the quest for
                  | the Orb.
     0 | D:1      | Reached XP level 1. HP: 17/17 MP: 0/0
   449 | D:1      | Reached XP level 2. HP: 22/22 MP: 0/0
  1460 | D:1      | Reached skill level 3 in Spellcasting
  1460 | D:1      | Reached XP level 3. HP: 27/27 MP: 0/0
  1460 | D:1      | Learned a level 1 spell: Animate Skeleton
  2015 | D:2      | Found a faded altar of an unknown god.
  2753 | D:2      | Reached XP level 4. HP: 14/32 MP: 0/0
  4220 | D:3      | Reached XP level 5. HP: 27/38 MP: 0/0
  4220 | D:3      | Learned a level 2 spell: Passwall
  4343 | D:3      | Noticed Grinder
  4710 | D:2      | Killed from afar by Grinder

Illustrated notes

Levels and vault maps discovered:
D:1:      lightli_arrival_boilingwater, layout_loops_corners
D:2:      layout_loops_ring, hellmonk_ecumenical_altar_inner_sanctum
D:3:      layout_basic, uniq_grinder, uniq_jessica

Skill      XL: |  1  2  3  4 |
---------------+-------------+-----
Spellcasting   | 3 |  3.5
Throwing       | 2 |  2.0
Fighting       | |  1.7
Short Blades   | |  0.1
Dodging        | |  2.9
Stealth        | |  0.6

Action                   |  1- 3 |  4- 6 || total
-------------------------+-------+-------++-------
Melee: Short sword       |    10 |       ||    10
       Quarterstaff      |   103 |    24 ||   127
       Dagger            |       |    54 ||    54
Throw: Javelin           |       |     6 ||     6
       Dart              |       |     5 ||     5
       Throwing net      |       |     2 ||     2
 Cast: Slow              |    13 |    32 ||    45
       Animate Skeleton  |     1 |       ||     1
       Cause Fear        |       |     1 ||     1
 Stab: Sleeping          |     2 |       ||     2
Armor: Robe              |    12 |       ||    12
       Leather armour    |    10 |    10 ||    20
Dodge: Dodged            |    52 |    46 ||    98
